 Dungeon Crawl Stone Soup version 0.31-a0-221-gbddc013574 (webtiles) character file.

Game seed: 5908615417066386531

169 qw the Shooter (level 5, -1/30 HPs)
             Began as a Gargoyle Hexslinger on July 4, 2023.
             Slain by Eustachio
             ... wielding a +0 falchion
              (5 damage)
             ... on level 4 of the Dungeon.
             The game lasted 00:01:02 (2108 turns).

qw the Shooter (Gargoyle Hexslinger)                Turns: 2108, Time: 00:01:02

Health: -1/30      AC: 11    Str: 11    XL:     5   Next: 50%
Magic:  6/6        EV: 10    Int: 16    God:
Gold:   150        SH:  0    Dex: 14    Spells: 5/6 levels left

rFire   . . .        Y - +2 sling
rCold   + . .        (no shield)
rNeg    + . .        j - +0 ring mail
rPois   inf          (no helmet)
rElec   +            (no cloak)
rCorr   .            l - +0 pair of gloves "Niggel" {Int+2 Slay+4 SInv}
SInv    +            c - +0 pair of boots
Will    .....        (no amulet)
Stlth   +            d - ring of protection from cold
HPRegen 0.25/turn    (no ring)
MPRegen 0.10/turn

%: no passive effects
@: about to teleport
A: sickness immunity, AC +4, negative energy resistance 1, electricity
resistance, torment resistance 1, petrification resistance
a: no special abilities


You were on level 4 of the Dungeon.
You visited 1 branch of the dungeon, and saw 4 of its levels.

You collected 150 gold pieces.


Innate Abilities, Weirdness & Mutations

You are immune to sickness and miasma.
Your stone body is resilient. (AC +4)
You are immune to poison.
You resist negative energy. (rN+)
You are resistant to electric shocks. (rElec)
You are resistant to unholy torment.
You are immune to petrification.


   Skills:
 + Level 2.1 Fighting
 - Level 5.1 Ranged Weapons
 - Level 1.0 Armour
 - Level 1.5 Dodging
 - Level 1.0 Spellcasting
 - Level 2.6 Hexes


You had 5 spell levels left.
You knew the following spells:

 Your Spells              Type           Power      Damage    Failure   Level
a - Slow                  Hex            36%        N/A       19%         1

Your spell library contained the following spells:

 Spells                   Type           Power      Damage    Failure   Level
 Inner Flame              Hex/Fire       5%         N/A       67%         3
 Portal Projectile        Hex/Tloc       10%        N/A       67%         3
 Cause Fear               Hex            4%         N/A       87%         4

Inventory:

Hand Weapons
 Y - a +2 sling (weapon)
Armour
 c - a +0 pair of boots (worn)
 j - a +0 ring mail (worn)
 l - the +0 pair of gloves "Niggel" (worn) {Int+2 Slay+4 SInv}
   (You found it on level 3 of the Dungeon)

   Int:       It affects your intelligence (+2).
   Slay:      It affects your accuracy & damage with ranged weapons and melee
   (+4).
   SInv:      It lets you see invisible.
Jewellery
 d - a ring of protection from cold (left hand)
Potions
 a - a potion of curing {unknown}
 g - a potion of berserk rage {unknown}
 i - a potion of might
 k - a potion of enlightenment {unknown}

Dungeon Overview and Level Annotations

Branches:
Dungeon (4/15)
 Temple: D:4-7

Altars:

Shops:
D:2 :

Annotations:
D:4 Eustachio


Message History

The ufetubus hits you. The ufetubus barely misses you.
The quasit bites you but does no damage.
The quasit barely misses you. The quasit closely misses you.
The ufetubus hits you. The ufetubus closely misses you.
The quasit closely misses you.
The quasit claws you but does no damage. x2
You shoot a sling bullet. The sling bullet hits the quasit!
The quasit is almost dead.
The ufetubus completely misses you. The ufetubus barely misses you.
The quasit bites you but does no damage.
The quasit closely misses you. x2; The ufetubus misses you.
The ufetubus hits you but does no damage.
Eustachio hits you with a +0 falchion.
You shoot a sling bullet. The sling bullet hits the quasit!
You kill the quasit!
The quasit disappears in a puff of smoke!
The ufetubus barely misses you. x2; Eustachio hits you with a +0 falchion.
The ufetubus closely misses you. x2; The white imp closely misses you.
You shoot a sling bullet. The sling bullet hits the white imp!
You kill the white imp!
The white imp disappears in a puff of smoke!
The ufetubus barely misses you. The ufetubus closely misses you.
Eustachio casts a spell.
The ufetubus hits you. The ufetubus closely misses you.
2107 ||| READING scroll of teleportation.
As you read the scroll of teleportation, it crumbles to dust.
You feel strangely unstable.
The ufetubus hits you but does no damage.
The ufetubus barely misses you. Eustachio closely misses you.
The quasit misses you.
The quasit claws you but does no damage. x2
You shoot a sling bullet. The sling bullet hits Eustachio.
Eustachio is heavily wounded.
The ufetubus hits you. The ufetubus closely misses you.
Eustachio barely misses you. The quasit closely misses you.
The quasit misses you.
The quasit claws you but does no damage.
The ufetubus hits you but does no damage.
The ufetubus misses you. Eustachio hits you with a +0 falchion.
You die...

### #...........
##.#####..........
#.#..%...........#
##.#####.......#. . #.#
#.......# #.# # #.#
###...### $.. # #)#
#.....# ..#..
####.#######...55#......
..............5@@.[#
........###..#.#####
...............#
####.#######.... #.#
#>.### #.# #.. #.# #..
#.# ##.


You could see Eustachio, a quasit (summoned), a shadow imp (summoned) and an
ufetubus (summoned).

Vanquished Creatures
  A sleepcap (D:4)
  Natasha (twice) (D:2)
  2 adders
  3 orcs (D:3)
  5 endoplasms
  4 giant cockroaches
  9 goblins
  4 hobgoblins
  5 quokkas
  8 ball pythons
  4 bats (D:1)
  5 frilled lizards
  8 kobolds
  11 rats
71 creatures vanquished.

Notes
Turn   | Place    | Note
-------+----------+-------------------------------------------
     0 | D:1      | qw the Gargoyle Hexslinger began the quest for the Orb.
     0 | D:1      | Reached XP level 1. HP: 12/12 MP: 2/2
     0 | D:1      | 0 ||| qw: Version: 0.3-a-40-ge99b1a8
     0 | D:1      | 0 ||| qw: Game counter: 639
     0 | D:1      | 0 ||| qw: Melee chars always use a shield: true
     0 | D:1      | 0 ||| qw: God list: Okawaru
     0 | D:1      | 0 ||| qw: Allow faded altars: false
     0 | D:1      | 0 ||| qw: Do Orc after clearing Dungeon:15 true
     0 | D:1      | 0 ||| qw: Do second Lair branch before Depths: true
     0 | D:1      | 0 ||| qw: Lair rune preference: random
     0 | D:1      | 0 ||| qw: Goals: Normal
     0 | D:1      | 0 ||| PLANNING D:1-11
    80 | D:1      | Reached XP level 2. HP: 16/16 MP: 3/3
   215 | D:1      | Reached skill level 3 in Ranged Weapons
   367 | D:1      | HP: 3/17 [kobold/+0 short sword (4)]
   372 | D:1      | HP: 1/17 [kobold/+0 short sword (1)]
   561 | D:1      | Reached XP level 3. HP: 17/21 MP: 4/4
   787 | D:1      | 787 ||| READING scroll labelled QYLU LEZEPPA.
   788 | D:1      | 788 ||| READING scroll labelled WIGISHR SOZ IKI.
   789 | D:1      | 789 ||| READING 2 scrolls labelled PIENTI XYNAONA.
   794 | D:1      | 794 ||| READING scroll labelled TAFUFA OTE.
   895 | D:1      | 895 ||| DROPPING scroll of poison.
   947 | D:2      | Found Ziplua's Book Emporium.
  1067 | D:2      | Noticed Natasha
  1070 | D:2      | Killed Natasha
  1071 | D:2      | Reached skill level 4 in Ranged Weapons
  1071 | D:2      | Reached XP level 4. HP: 13/26 MP: 5/5
  1474 | D:2      | Noticed Natasha
  1486 | D:2      | Killed Natasha
  1578 | D:2      | 1578 ||| UPGRADING to +0 leather armour.
  1588 | D:2      | 1588 ||| DROPPING +0 robe.
  1589 | D:2      | 1589 ||| UPGRADING to +0 ring mail.
  1599 | D:2      | 1599 ||| DROPPING +0 leather armour.
  1600 | D:2      | 1600 ||| UPGRADING to ring of protection from cold.
  1601 | D:2      | 1601 ||| READING scroll labelled YCKUTI ARIZOC.
  1602 | D:2      | 1602 ||| READING scroll labelled ZYKIXT MUTI.
  1651 | D:3      | Reached XP level 5. HP: 30/30 MP: 6/6
  1718 | D:3      | Reached skill level 1 in Armour
  1805 | D:3      | Identified the +0 pair of gloves "Niggel" {Int+2 Slay+4
                  | SInv}
  1994 | D:3      | 1994 ||| UPGRADING to +0 pair of gloves.
  1999 | D:3      | 1999 ||| UPGRADING to +0 pair of boots.
  2004 | D:3      | 2004 ||| UPGRADING to +0 pair of gloves "Niggel" {Int+2
                  | Slay+4 SInv}.
  2014 | D:3      | 2014 ||| DROPPING +0 pair of gloves.
  2015 | D:3      | 2015 ||| READING scroll labelled JODEIQ ITOAHUMN.
  2016 | D:3      | 2016 ||| READING scroll labelled NUSKAH NEFIHOTS.
  2017 | D:3      | 2017 ||| READING scroll labelled JIACKE GUH DORR.
  2018 | D:3      | 2018 ||| DRINKING 2 glowing ruby potions.
  2067 | D:4      | Reached skill level 5 in Ranged Weapons
  2090 | D:4      | Noticed Eustachio
  2106 | D:4      | HP: 6/30 [ufetubus[Eustachio] (2)]
  2107 | D:4      | 2107 ||| READING scroll of teleportation.
  2108 | D:4      | Slain by Eustachio

Levels and vault maps discovered:
D:1:      dpeg_arrival_subterranean_lakeside_camping, layout_basic,
          hex_intersection
D:2:      layout_loops_cross, serial_shops, nicolae_shop_window_shopping,
          uniq_natasha
D:3:      layout_rooms, chequers_serial_rivers_micro_b
D:4:      layout_loops_ring, minmay_temple_entry_butterflies,
          serial_bayou_lagoon_b, uniq_eustachio

Skill      XL: |  1  2  3  4  5 |
---------------+----------------+-----
Ranged Weapons | 3 4 5 |  5.1
Fighting       | 2 |  2.1
Armour         | 1 |  1.0
Dodging        | |  1.5
Spellcasting   | |  1.0
Hexes          | |  2.6

Action                     |  1- 3 |  4- 6 || total
---------------------------+-------+-------++-------
   Fire: Sling             |   127 |   131 ||   258
    Use: Scroll            |     4 |     6 ||    10
         Potion            |       |     1 ||     1
 Armour: Robe              |    20 |     5 ||    25
         Ring mail         |       |    49 ||    49
  Dodge: Dodged            |    33 |    73 ||   106

Table legend:
 A = Non-vault XP
 B = Vault XP
 C = Vault XP percentage of total XP
 D = Non-vault monster count
 E = Vault monster count
 F = Vault count percentage of total count
                 A         B        C        D         E       F
            +---------+---------+-------+---------+---------+-------
      Total |     198 |      44 |  18.2 |      64 |       7 |   9.9
            +---------+---------+-------+---------+---------+-------
        D:1 |      40 |       9 |  18.4 |      26 |       6 |  18.8
        D:2 |      79 |      35 |  30.7 |      21 |       1 |   4.5
        D:3 |      38 |       0 |   0.0 |      14 |       0 |   0.0
        D:4 |      41 |       0 |   0.0 |       3 |       0 |   0.0
            +---------+---------+-------+---------+---------+-------
